 Dungeon Crawl Stone Soup version 0.17-a0-1793-gcbb3aa1 (webtiles) character file.

53 kae the Slasher (level 3, 0/24 HPs)
             Began as a High Elf Skald on Sept 9, 2015.
             Killed from afar by Natasha (10 damage)
             ... with a wand of flame
             ... on level 2 of the Dungeon.
             The game lasted 00:01:18 (1442 turns).

kae the Slasher (High Elf Skald)                    Turns: 1442, Time: 00:01:18

Health: 0/24       AC:  5    Str: 12    XL:     3   Next: 64%
Magic:  7/7        EV: 10    Int: 15    God:
Gold:   74         SH:  0    Dex: 15    Spells: 2 memorised, 3 levels left

rFire  . . .     SeeInvis .     a - +0 falchion
rCold  . . .     Clarity  .     e - +0 ring mail
rNeg   . . .     SustAt   .     (no shield)
rPois  .         Gourm    .     (no helmet)
rElec  .         Spirit   .     (no cloak)
rCorr  .         Warding  .     (no gloves)
rMut   .         Stasis   .     (no boots)
MR     .....                    (no amulet)
Stlth  +.........               (no ring)
                                (no ring)

@: slowed, very slow, not resistant to hostile enchantments, very unstealthy
A: no striking features
a: no special abilities


You were on level 2 of the Dungeon.
You were not hungry.

You visited 1 branch of the dungeon, and saw 2 of its levels.

You collected 74 gold pieces.

Inventory:

Hand weapons
 a - a +0 falchion (weapon)
Armour
 b - a +0 leather armour
 e - a +0 ring mail (worn)
Scrolls
 f - 2 scrolls of identify {unknown}
 i - 2 scrolls of recharging {unknown}
 j - a scroll of teleportation {unknown}
 k - a scroll of random uselessness {unknown}
Potions
 g - a potion of flight {unknown}
 h - a potion of heal wounds {unknown}
Books
 c - a book of Battle

   Spells                             Type                      Level
   a - Infusion                       Charms                       1
   b - Shroud of Golubria             Charms/Translocation         2
   c - Song of Slaying                Charms                       2
   d - Spectral Weapon                Hexes/Charms                 3
   e - Regeneration                   Charms/Necromancy            3
Comestibles
 d - 2 bread rations
 l - 4 chunks of flesh


   Skills:
 - Level 2.0 Fighting
 + Level 4.9 Long Blades
 - Level 0.8 Armour
 - Level 1.1 Dodging
 - Level 2.4 Spellcasting
 - Level 3.6 Charms


You had 3 spell levels left.
You knew the following spells:

 Your Spells              Type           Power        Failure   Level  Hunger
a - Infusion              Chrm           ##....       12%         1    #......
b - Shroud of Golubria    Chrm/Tloc      #.........   38%         2    ###....


Dungeon Overview and Level Annotations

Branches:
Dungeon (2/15)

Altars:

Annotations:
D:2 Natasha


Message History

The giant cockroach is severely wounded.
The giant cockroach bites you. The giant cockroach barely misses you.
You hit the giant cockroach but do no damage.
The giant cockroach is severely wounded.
The giant cockroach barely misses you.
You hit the giant cockroach.
You kill the giant cockroach!
No target in view!
No target in view!
No target in view!
You see here a giant cockroach corpse.
You butcher the giant cockroach corpse.
l - 4 chunks of flesh (gained 2) Natasha, Servant of Life and Death comes into view.
Natasha zaps a wand.
The puff of flame hits you!
It is a wand of flame.
Natasha casts a spell at you.
You feel yourself slow down.
Natasha zaps a wand.
The puff of flame hits you!
Natasha zaps a wand.
The puff of flame hits you!
You die...

#h# #.# #.# #.#
#.# #.####
#....#
######h###.#..
#..@.........#
#<####.###.#.# #
##...##.#.#
#.#.....#.#
##.#.##.#.#
####.###.#.#####
#........#.##..
#.######.#.##.#
# #.#.##.##


You could see Natasha.

Vanquished Creatures
  Jessica (D:2)
  A giant gecko (D:1)
  3 bats (D:1)
  3 giant cockroaches
  5 goblins (D:1)
  5 hobgoblins
  2 kobolds
  2 giant newts (D:1)
  6 rats (D:1)
28 creatures vanquished.

Notes
Turn   | Place    | Note
--------------------------------------------------------------
     0 | D:1      | kae the High Elf Skald began the quest for the Orb.
     0 | D:1      | Reached XP level 1. HP: 14/14 MP: 4/4
   341 | D:1      | Reached XP level 2. HP: 14/19 MP: 6/6
   509 | D:1      | Learned a level 2 spell: Shroud of Golubria
  1100 | D:1      | Reached skill level 4 in Long Blades
  1296 | D:2      | Noticed Jessica
  1305 | D:2      | Killed Jessica
  1305 | D:2      | Reached XP level 3. HP: 17/24 MP: 1/7
  1432 | D:2      | Noticed Natasha
  1442 | D:2      | Killed from afar by Natasha

Vault maps used:
D:1:      lightli_iron_boxes
D:2:      lemuel_coloured_pillars_altar, led_sif_pool, uniq_natasha,
          uniq_jessica, uniq_iyjb

Action                   || total
-------------------------++-------
Melee: Falchion          ||   100
 Cast: Infusion          ||     3
  Eat: Chunk             ||     2
